Map: Dreamcatcher LE

Players

azeroth

  • Race: Zerg Zerg
  • League: Platinum
  • Spawn Location: 5:00

Juxtapose - Winner!

  • Race: Terran Terran
  • Spawn Location: 11:00

VOD

https://youtu.be/o6t_qqalyMo

Description

The qualifying Match for 2018 Season 2, and it was a great match. I knew something was fishy right at the start; wish I would have checked the Gold base.

My macro was all over the place this match as well, but I did alright overall. Very good use of Roaches and Ravagers by my opponent.

Time

  • Played on: July 28, 2018, 8:29 p.m.
  • Length: 22:17
Show
View Real Time Build Order
Export as new Build Order

azeroth Zerg 

Build Orders: Pool First 

Get SALT Encoding   

  12  0:01  Drone  
  13  0:13  Overlord  
  13  0:22  Drone  
  14  0:32  Drone x2  
  14  0:35  Drone  
  17  0:47  Drone  
  18  0:57  Spawning Pool  
  17  1:13  Hatchery  
  17  1:15  Drone  
  17  1:18  Extractor  
  16  1:19  Drone  
  16  1:22  Drone  
  18  1:32  Drone  
  19  1:41  Overlord  
  19  1:46  Queen  
  21  2:07  Roach Warren  
  20  2:10  Spore Crawler  
  20  2:11  Drone x2  
  22  2:22  Zergling x2  
  22  2:23  Metabolic Boost, Zergling x2  
  23  2:42  Extractor  
  22  2:45  Queen  
  22  2:46  Drone x2  
  26  2:53  Drone  
  27  3:05  Roach x2  
  31  3:07  Roach  
  33  3:16  Queen  
  33  3:19  Drone  
  36  3:27  Overlord  
  36  3:45  Queen  
  36  3:46  Drone x2  
  36  3:47  Drone  
  41  3:56  Lair  
  41  3:58  Drone  
  41  4:02  Drone x2  
  44  4:04  Overlord  
  44  4:06  Overlord  
  44  4:25  Roach x3  
  44  4:31  Roach x3  
  56  4:33  Roach  
  58  4:40  Evolution Chamber  
  57  4:53  Spore Crawler  
  57  4:54  Roach x2  
  57  4:57  Overlord x2  
  60  5:09  Zerg Missile Weapons Level 1  
  60  5:11  Glial Reconstitution  
  60  5:18  Roach x3  
  66  5:33  Roach  
  66  5:34  Roach  
  70  5:58  Drone x5  
  70  5:59  Drone  
  70  6:02  Extractor  
  70  6:04  Extractor  
  74  6:08  Overlord  
  74  6:09  Overlord  
  74  6:28  Roach x2  
  74  6:29  Roach x2  
  74  6:30  Roach  
  84  6:33  Overlord  
  84  6:38  Overlord  
  84  6:39  Overlord x2  
  54  6:57  Roach x4  
  54  6:58  Roach  
  54  6:59  Roach x4  
  64  7:06  Queen  
  58  7:11  Roach  
  58  7:12  Roach x2  
  58  7:13  Roach  
  64  7:18  Zerg Missile Weapons Level 2  
  64  7:21  Ravager  
  64  7:22  Ravager  
  66  7:24  Roach  
  66  7:41  Roach x4  
  61  7:53  Roach x2  
  65  8:15  Zergling x6  
  65  8:16  Zergling x6  
  71  8:29  Overseer  
  71  8:34  Hatchery  
  70  8:39  Queen  
  72  8:55  Roach x5  
  82  8:56  Roach x3  
  82  9:01  Ravager x2  
  82  9:02  Ravager  
  91  9:12  Overlord x3  
  91  9:17  Drone  
  91  9:18  Drone  
  91  9:22  Drone  
  91  9:23  Drone  
  95  9:25  Drone  
  96  9:34  Zerg Ground Armor Level 1  
  96  9:38  Drone x2  
  72  9:55  Roach x5  
  72  9:58  Roach  
  63  10:19  Roach x4  
  63  10:20  Roach  
  70  10:34  Roach x2  
  58  10:48  Roach x2  
  62  10:57  Roach  
  62  10:58  Roach x7  
  78  11:05  Ravager  
  78  11:11  Ravager x5  
  72  11:36  Roach  
  72  11:37  Roach x5  
  72  11:38  Roach x4  
  62  11:55  Roach  
  62  11:56  Roach x2  
  62  11:58  Roach x4  
  67  12:07  Ravager x3  
  67  12:08  Ravager x3  
  67  12:22  Roach x2  
  67  12:33  Extractor  
  67  12:34  Roach x2  
  61  12:56  Roach x3  
  61  12:57  Roach x4  
  66  13:18  Roach x5  
  68  13:21  Roach x2  
  66  13:43  Drone x2  
  66  13:44  Extractor, Drone x2  
  69  13:58  Roach x2  
  69  13:59  Roach x4  
  69  14:01  Ravager x2  
  83  14:17  Spore Crawler  
  82  14:19  Hydralisk Den  
  82  14:24  Zergling x14  
  84  14:27  Ravager  
  64  15:00  Roach x3  
  68  15:16  Ravager x4  
  68  15:17  Ravager x2  
  74  15:41  Hydralisk x3  
  74  15:42  Hatchery  
  79  15:44  Hydralisk x2  
  79  15:45  Zergling x2  
  79  15:46  Zergling x8  
  88  15:52  Extractor  
  87  16:03  Grooved Spines  
  87  16:09  Hydralisk  
  87  16:10  Hydralisk  
  91  16:32  Zergling x10  
  96  16:43  Zerg Melee Weapons Level 1  
  96  16:50  Drone x2  
  98  16:55  Drone  
  99  17:10  Extractor  
  93  17:42  Roach x6  
  71  18:01  Roach  
  71  18:02  Roach x6  
  71  18:03  Roach x3  
  66  18:18  Ravager x2  
  66  18:19  Ravager x3  
  69  18:26  Hydralisk x2  
  64  18:44  Hydralisk x2  
  58  19:06  Hydralisk x2  
  59  19:20  Extractor  
  59  19:24  Extractor  
  57  19:26  Hydralisk x2  
  57  19:28  Zergling x4  
  57  19:29  Zergling x2  
  64  19:32  Zergling x2  
  64  19:33  Zergling x4  
  49  20:07  Queen  
  51  20:26  Roach  
  51  20:27  Roach x5  
  63  20:31  Roach x2  
  63  20:32  Roach  
  69  20:39  Roach x2  
  69  20:40  Roach x2  
  77  21:04  Ravager x3  
  72  21:15  Roach x2  
  72  21:16  Zergling x4  
  72  21:18  Zergling x6  
  72  21:42  Ravager  
  72  21:43  Ravager  
  72  21:45  Zergling x6  
  72  21:46  Zergling x2  
  77  21:47  Zergling x6  
Show
View Real Time Build Order
Export as new Build Order

Juxtapose Terran - Winner!

Build Orders: MMM Bio 

Get SALT Encoding   

  12  0:01  SCV  
  13  0:13  SCV  
  14  0:21  Supply Depot  
  14  0:25  SCV  
  16  0:42  SCV  
  16  0:45  Barracks  
  16  0:47  Supply Depot  
  16  0:54  SCV  
  17  1:01  Refinery  
  17  1:07  SCV  
  18  1:19  SCV  
  19  1:32  Orbital Command  
  19  1:37  Marine  
  20  1:49  Refinery  
  20  2:04  SCV, Barracks Reactor  
  21  2:16  SCV  
  22  2:28  SCV  
  23  2:40  SCV  
  24  2:46  Barracks, Marine x2  
  26  2:52  SCV  
  27  2:59  Bunker  
  27  3:02  Factory  
  27  3:12  Marine x2  
  27  3:17  Supply Depot  
  27  3:18  SCV  
  30  3:31  Marine  
  31  3:35  Barracks Tech Lab  
  31  3:38  Marine  
  32  3:46  Supply Depot  
  32  3:49  Engineering Bay  
  32  3:58  Factory Tech Lab  
  32  4:00  Marine  
  32  4:01  Marauder, Marine  
  36  4:03  Stimpack  
  36  4:13  Supply Depot  
  36  4:18  Terran Infantry Weapons Level 1  
  36  4:20  Siege Tank  
  36  4:23  Marine x2, Marauder  
  43  4:42  Command Center  
  43  4:44  Marauder  
  43  4:45  Marine x2  
  47  4:50  Supply Depot  
  47  4:52  Siege Tank  
  50  5:03  Supply Depot, Marine  
  50  5:04  Marine  
  50  5:06  Marauder  
  54  5:10  Starport  
  54  5:21  Marine x2  
  54  5:27  Marauder  
  58  5:39  Marine x2  
  59  5:48  Marauder  
  61  5:50  Starport Tech Lab  
  61  6:04  Combat Shields  
  61  6:13  Marauder, Siege Tank  
  61  6:15  Terran Infantry Armor Level 1  
  66  6:18  Medivac  
  56  6:58  Marauder, Marine x2  
  54  7:13  Orbital Command  
  54  7:16  Marine x2  
  54  7:19  Marauder  
  58  7:25  SCV  
  59  7:33  Marine  
  59  7:34  Marine  
  55  7:37  SCV  
  55  7:40  Marine  
  44  7:51  Marine x2  
  41  7:59  Marauder, Siege Tank  
  46  8:09  Marine x2  
  46  8:10  SCV x2  
  50  8:17  Barracks  
  50  8:20  Marauder  
  50  8:22  SCV  
  50  8:26  Medivac  
  55  8:27  Marine x2  
  55  8:31  Siege Tank  
  55  8:32  Refinery  
  60  8:34  Refinery  
  60  8:41  Marauder  
  60  8:45  Marine x2  
  64  9:02  Marine  
  64  9:03  Marauder, Marine  
  64  9:04  Siege Tank  
  64  9:05  Medivac  
  74  9:12  Barracks Reactor  
  73  9:20  Marine x2  
  75  9:24  Marauder  
  77  9:32  Command Center  
  77  9:35  Medivac  
  79  9:38  Marine x2  
  83  9:46  Marauder  
  69  9:56  Marine x4  
  55  10:07  Marauder  
  55  10:10  Siege Tank  
  55  10:14  Marine x3  
  59  10:28  Marauder  
  59  10:32  Marine x3  
  59  10:33  Marine  
  61  10:50  Marine x3, Marauder  
  61  10:51  Marine  
  61  10:56  Medivac  
  67  10:58  SCV  
  68  11:08  Marine x4  
  68  11:10  SCV  
  75  11:11  Marauder  
  75  11:23  SCV  
  72  11:32  Marauder  
  72  11:37  Marine x4  
  67  11:54  Marauder  
  67  11:55  Marine x3  
  67  11:56  SCV x3  
  67  11:58  Marine  
  67  12:01  Siege Tank  
  77  12:08  SCV x3  
  77  12:13  Marine x3  
  85  12:15  Marauder  
  85  12:16  Marine  
  86  12:30  Marine  
  86  12:31  Marine x2  
  86  12:33  Siege Tank  
  86  12:34  Marine  
  86  12:37  Marauder  
  91  12:48  Marine  
  83  12:56  Marine x3  
  83  12:58  Marauder  
  81  13:05  Siege Tank  
  74  13:13  Marine  
  74  13:14  Marine x2  
  74  13:19  Marauder  
  74  13:26  Liberator  
  70  13:38  Marine x3  
  70  13:39  Marine  
  70  13:41  Marauder, Siege Tank  
  82  13:55  Marine  
  82  13:56  Marine x2  
  82  13:57  Marine  
  82  14:02  Marauder  
  88  14:09  Liberator  
  88  14:13  Marine x2, Siege Tank  
  88  14:14  Marine x2  
  95  14:24  Marauder  
  100  14:31  Marine  
  101  14:45  Marine  
  101  14:46  Marine  
  101  14:47  Marine  
  101  14:48  Marauder  
  101  14:49  Marine, Siege Tank  
  101  14:52  Liberator  
  70  15:10  Marauder  
  70  15:11  Marine x3  
  77  15:21  Siege Tank  
  80  15:24  Refinery  
  80  15:26  Refinery  
  80  15:31  Marauder  
  80  15:35  Liberator  
  82  15:41  Marine x3  
  85  15:52  Marauder  
  85  15:53  Cyclone  
  93  16:08  Marine x3  
  93  16:09  Marine  
  97  16:14  SCV, Marauder  
  100  16:26  SCV  
  100  16:27  Command Center  
  101  16:36  Supply Depot  
  101  16:41  Liberator  
  101  16:58  SCV, Cyclone, Marine  
  109  17:30  Marauder  
  108  17:39  Cyclone  
  106  17:51  Marauder  
  88  18:01  Marine x3  
  88  18:02  Marine  
  82  18:12  Marauder  
  82  18:18  Marine  
  82  18:19  Marine  
  84  18:26  Marine x2  
  86  18:30  Planetary Fortress  
  86  18:34  Marauder  
  82  18:36  Marine  
  81  18:49  Liberator  
  81  18:50  Marine x3  
  81  18:55  Marauder  
  86  18:59  Barracks  
  81  19:05  Barracks  
  81  19:08  Siege Tank  
  87  19:16  Marine x3  
  87  19:17  Marauder  
  92  19:21  Armory  
  92  19:28  Orbital Command  
  92  19:32  Liberator  
  92  19:35  Marine  
  92  19:36  Marine x3  
  92  19:38  Marauder  
  98  19:40  Siege Tank  
  98  19:53  Marine x3  
  98  19:54  Marine  
  98  19:59  Marauder  
  94  20:11  Marine  
  94  20:12  Cyclone  
  98  20:15  Liberator  
  98  20:16  Marine x3  
  98  20:21  Marauder  
  103  20:29  Marine  
  103  20:34  Marine x3  
  110  20:39  Marine x2  
  110  20:42  Marauder  
  114  20:47  Marine  
  115  20:52  Marine  
  116  20:59  Cyclone  
  116  21:21  Marauder  
  115  21:31  Cyclone  
  114  21:36  Marine x2  
  116  21:57  Marine  
  116  21:58  Marine x2  
Tags
 
Composition
MMM Bio
League
Platinum
Matchup
TvZ
Opening
Pool First
Spawn Locations
Cross Positions
Add a new tag
Caveats
  • Supply blocks, unpowered buildings, or Contaminate may cause inaccurate times.
  • Supply counts are checked every 10 seconds.